 Dungeon Crawl Stone Soup version 0.31.0-9-g3a7656b989 (webtiles) character file.

Game seed: 2179239259246975360

95 qw the Shooter (level 4, 0/22 HPs)
             Began as a Spriggan Hunter on Feb 2, 2024.
             Slain by a gnoll
             ... wielding a +0 spear
              (4 damage)
             ... on level 3 of the Dungeon.
             The game lasted 00:00:04 (1648 turns).

qw the Shooter (Spriggan Hunter)                    Turns: 1648, Time: 00:00:05

Health: 0/22       AC:  2    Str:  7    XL:     4   Next: 39%
Magic:  0/5        EV: 20    Int: 10    God:
Gold:   74         SH:  0    Dex: 20    Spells: 3/3 levels left

rFire   . . .        a - +0 shortbow
rCold   . . .        (shield currently unavailable)
rNeg    . . .        c - +0 robe
rPois   .            (helmet restricted)
rElec   .            (no cloak)
rCorr   .            (gloves unavailable)
SInv    +            (boots unavailable)
Will    .....        b - amulet of guardian spirit
Stlth   ++           (no ring)
HPRegen 0.23/turn    (no ring)
MPRegen 0.09/turn

%: guardian spirit
@: very quick
A: very small, no large weapons, unfitting armour, see invisible, speed 3
a: no special abilities


You were on level 3 of the Dungeon.
You visited 1 branch of the dungeon, and saw 3 of its levels.

You collected 74 gold pieces.


Innate Abilities, Weirdness & Mutations

You are very small and have problems with some larger weapons.
You are too small for most types of armour.
You have supernaturally acute eyesight. (SInv)
You cover ground extremely quickly. (Speed+++)


   Skills:
 - Level 1.5 Fighting
 - Level 5.0 Ranged Weapons
 + Level 4.7 Dodging
 - Level 1.5 Stealth


You had 3 spell levels left.
You didn't know any spells.
Your spell library was empty.

Inventory:

Hand Weapons
 a - a +0 shortbow (weapon)
Armour
 c - a +0 robe (worn)
Jewellery
 b - an amulet of guardian spirit (around neck)
Potions
 d - a potion of invisibility {unknown}
 e - a potion of lignification {unknown}
 f - a potion of heal wounds {unknown}
 g - a potion of resistance {unknown}

Dungeon Overview and Level Annotations

Branches:
Dungeon (3/15)

Altars:
Vehumet


Message History

A gnoll comes into view. It is wielding a +0 spear.
The gnoll shouts!
A gnoll comes into view. It is wielding a +0 flail.
You shoot an arrow. The arrow barely misses the gnoll.
The gnoll shouts!
You shoot an arrow. The arrow closely misses the gnoll.
An adder comes into view.
You shoot an arrow. The arrow barely misses the gnoll.
The adder hisses angrily.
You shoot an arrow. The arrow barely misses the gnoll. x2
The gnoll completely misses you.
You shoot an arrow. The arrow hits the gnoll!
The gnoll is severely wounded.
You shoot an arrow. The arrow hits the gnoll.
The gnoll is moderately wounded.
You shoot an arrow.
The arrow hits the gnoll but does no damage.
The gnoll is moderately wounded.
You shoot an arrow. The arrow hits the gnoll.
The gnoll is heavily wounded.
The gnoll closely misses you.
You shoot an arrow.
The arrow hits the gnoll but does no damage.
The gnoll is heavily wounded.
The adder barely misses you. The gnoll hits you with a +0 flail!
The gnoll hits you from afar with a +0 spear.
The adder misses you.
You shoot an arrow. The arrow hits the gnoll.
The gnoll is almost dead.
The gnoll completely misses you. The gnoll closely misses you.
The adder barely misses you.
You shoot an arrow. The arrow hits the gnoll.
You kill the gnoll!
The adder barely misses you.
The gnoll hits you from afar with a +0 spear!
The adder barely misses you.
You shoot an arrow. The arrow closely misses the adder.
The gnoll misses you. The adder closely misses you.
The gnoll hits you from afar with a +0 spear.
You die...

.... ... [. #.# ..
##g# #)S# #@# # #.#
.>.#########.#######
.....................
#.#####.......#######
.........######
........## ###
.....#.>.# #..
#.##.....#####.##


You could see a gnoll and an adder.

Vanquished Creatures
  Terence (D:2)
  2 gnolls (D:3)
  An adder (D:2)
  2 dart slugs (D:1)
  2 endoplasms
  3 giant cockroaches (D:1)
  4 goblins (D:1)
  A hobgoblin (D:2)
  4 quokkas
  3 ball pythons
  3 bats
  2 frilled lizards (D:2)
  7 kobolds
  3 rats
38 creatures vanquished.

Notes
Turn   | Place    | Note
-------+----------+-------------------------------------------
     0 | D:1      | qw the Spriggan Hunter began the quest for the Orb.
     0 | D:1      | Reached XP level 1. HP: 10/10 MP: 2/2
     0 | D:1      | 0 ||| qw: Version: 0.3-a-155-g5e7d8dd
     0 | D:1      | 0 ||| qw: Game counter: 606
     0 | D:1      | 0 ||| qw: Melee chars always use a shield: true
     0 | D:1      | 0 ||| qw: God list: Okawaru
     0 | D:1      | 0 ||| qw: Allow faded altars: false
     0 | D:1      | 0 ||| qw: Do Orc after clearing Dungeon:15 true
     0 | D:1      | 0 ||| qw: Do second Lair branch before Depths: true
     0 | D:1      | 0 ||| qw: Lair rune preference: random
     0 | D:1      | 0 ||| qw: Goals: Normal
     0 | D:1      | 0 ||| PLANNING D:1-11
   123 | D:1      | Reached skill level 3 in Dodging
   242 | D:1      | Reached XP level 2. HP: 14/14 MP: 3/3
   590 | D:1      | 590 ||| READING 2 scrolls labelled YKKIOGH OFAA.
   591 | D:1      | 591 ||| DROPPING scroll of butterflies.
   592 | D:1      | 592 ||| DROPPING scroll of noise.
   631 | D:2      | Reached XP level 3. HP: 18/18 MP: 4/4
   926 | D:2      | Noticed Terence
   933 | D:2      | Killed Terence
   934 | D:2      | Reached skill level 5 in Ranged Weapons
   934 | D:2      | Reached XP level 4. HP: 13/22 MP: 5/5
  1295 | D:2      | Found a radiant altar of Vehumet.
  1515 | D:2      | 1515 ||| UPGRADING to amulet of guardian spirit.
  1520 | D:2      | 1520 ||| READING 2 scrolls labelled ZEAFERPH FIDE.
  1521 | D:2      | 1521 ||| DROPPING scroll of fear.
  1647 | D:3      | HP: 4/22 [gnoll/+0 spear (8)]
  1648 | D:3      | Slain by a gnoll

Levels and vault maps discovered:
D:1:      ebering_hopf_link, layout_loops_cross, kennysheep_crisscross,
          chequers_mini_garden
D:2:      layout_basic, basic_altar, uniq_terence
D:3:      layout_rooms, nicolae_sif_muna_little_library,
          chequers_serial_rivers_micro_d, uniq_ijyb

Skill      XL: |  1  2  3 |
---------------+----------+-----
Dodging        | 3 4 |  4.7
Ranged Weapons | 5 |  5.0
Fighting       | |  1.5
Stealth        | |  1.5

Action                     |  1- 3 |  4- 6 || total
---------------------------+-------+-------++-------
   Fire: Shortbow          |    66 |    30 ||    96
    Use: Scroll            |     1 |     1 ||     2
 Armour: Robe              |     4 |     5 ||     9
  Dodge: Dodged            |     7 |    13 ||    20

Table legend:
 A = Non-vault XP
 B = Vault XP
 C = Vault XP percentage of total XP
 D = Non-vault monster count
 E = Vault monster count
 F = Vault count percentage of total count
                 A         B        C        D         E       F
            +---------+---------+-------+---------+---------+-------
      Total |     100 |      36 |  26.5 |      37 |       1 |   2.6
            +---------+---------+-------+---------+---------+-------
        D:1 |      40 |       0 |   0.0 |      22 |       0 |   0.0
        D:2 |      31 |      36 |  53.7 |      13 |       1 |   7.1
        D:3 |      29 |       0 |   0.0 |       2 |       0 |   0.0
            +---------+---------+-------+---------+---------+-------
